 Dungeon Crawl Stone Soup version 0.32-a0-163-g159c032296 (webtiles) character file.

Game seed: 9438832936833433424

844 BubbleThief the Geomancer (level 8, -1/41 HPs)
             Began as a Gargoyle Earth Elementalist on Feb 11, 2024.
             Incinerated by a bombardier beetle (4 damage)
             ... with a burning spray
             ... on level 4 of the Dungeon.
             The game lasted 00:06:19 (3426 turns).

BubbleThief the Geomancer (GrEE)                    Turns: 3426, Time: 00:06:19

Health: -1/41      AC: 11    Str: 12    XL:     8   Next: 0%
Magic:  5/11       EV: 11    Int: 21    God:
Gold:   181        SH:  0    Dex: 10    Spells: 8/12 levels left

rFire   . . .        (no weapon)
rCold   . . .        (no shield)
rNeg    + + .        a - +0 robe
rPois   ∞            c - +2 helmet {Int+3}
rElec   +            (no cloak)
rCorr   .            r - +0 pair of gloves
SInv    .            (no boots)
Will    .....        (no amulet)
Stlth   +            j - ring of positive energy
HPRegen 0.26/turn    (no ring)
MPRegen 0.12/turn

%: no passive effects
@: on fire, glowing
A: sickness immunity, AC +5, negative energy resistance 1, electricity
resistance, torment resistance 1, petrification resistance
a: no special abilities


You were on level 4 of the Dungeon.
You visited 1 branch of the dungeon, and saw 4 of its levels.
You also visited: Sewer.

You collected 181 gold pieces.

Inventory:

Hand Weapons
 w - a +1 spectral quarterstaff
Armour
 a - a +0 robe (worn)
 c - a +2 helmet of intelligence (worn)
 r - a +0 pair of gloves (worn)
Jewellery
 j - a ring of positive energy (left hand)
Wands
 g - a wand of acid (10)
 m - a wand of roots (14)
Scrolls
 e - 3 scrolls of identify
 k - a scroll of teleportation {unknown}
 l - a scroll of brand weapon {unknown}
 n - 3 scrolls of amnesia {unknown}
 o - a scroll of immolation {unknown}
 p - a scroll of fog {unknown}
 s - 3 scrolls of fear {unknown}
 y - a scroll of enchant armour {unknown}
Potions
 b - 2 potions of magic
 d - 4 potions of berserk rage
 f - a potion of attraction {unknown}
 h - a potion of lignification {unknown}
 i - a potion of enlightenment {unknown}
 q - a potion of curing {unknown}
 t - 2 potions of brilliance {unknown}
 u - a potion of might {unknown}
 v - a potion of experience {unknown}
 x - a potion of invisibility {unknown}


   Skills:
 - Level 1.5 Dodging
 - Level 2.1 Stealth
 - Level 2.5 Spellcasting
 - Level 1.1 Conjurations
 * Level 10.8 Earth Magic


You had 8 spell levels left.
You knew the following spells:

 Your Spells              Type           Power      Damage    Failure   Level
a - Sandblast             Erth           96%        2d20      1%          1
b - Passwall              Erth           48%        N/A       1%          3

Your spell library contained the following spells:

 Spells                   Type           Power      Damage    Failure   Level
 Stone Arrow              Conj/Erth      54%        3d10      3%          3
 Brom's Barrelling Bould  Conj/Erth      27%        2d5       12%         4
 Petrify                  Alch/Erth      25%        N/A       16%         4
 Ensorcelled Hibernation  Hex/Ice        4%         N/A       22%         2
 Lesser Beckoning         Tloc           4%         N/A       22%         2
 Gell's Gravitas          Tloc           2%         N/A       38%         3
 Swiftness                Air            2%         N/A       38%         3
 Teleport Other           Tloc           2%         N/A       38%         3


Dungeon Overview and Level Annotations

Branches:
Dungeon (4/15)              Sewer (visited)
 Temple: D:4-7

Altars:

Annotations:
D:3 2 transporters, Azoth's ghost, amateur GnHu


Innate Abilities, Weirdness & Mutations

You are immune to sickness and miasma.
Your stone body is resilient. (AC +5)
You are immune to poison.
You resist negative energy. (rN+)
You are resistant to electric shocks. (rElec)
You are resistant to unholy torment.
You are immune to petrification.


Message History

Aim: a gnoll, wielding a +0 spear (87% to hit)
The blast of sand hits the gnoll!
The gnoll is almost dead.
The liquid fire burns you! The gnoll hits you but does no damage.
The gnoll hits you from afar with a +0 spear.
Aiming: Sandblast (safe; 1% risk of failure)
Press: ? - help, Q - select action, (/) - cycle Shift-Dir - straight line, f/p - gnoll
Aim: a gnoll, wielding a +0 spear (almost dead, 87% to hit)
The blast of sand hits the dart slug!!
You kill the dart slug!
The liquid fire burns you! The gnoll barely misses you.
Aiming: Sandblast (safe; 1% risk of failure)
Press: ? - help, Q - select action, (/) - cycle Shift-Dir - straight line, f/p - gnoll
Aim: a gnoll, wielding a +0 spear (almost dead, 87% to hit)
The blast of sand hits the gnoll!
You kill the gnoll!
The liquid fire burns you!
Aiming: Sandblast (safe; 1% risk of failure)
Press: ? - help, Q - select action, (/) - cycle Shift-Dir - straight line, f - bombardier beetle
Aim: a bombardier beetle (91% to hit)
The blast of sand hits the bombardier beetle!
The bombardier beetle is heavily wounded.
The liquid fire burns you!
* * * LOW HITPOINT WARNING * * *
The bombardier beetle bites you but does no damage.
Okay, then.
Aiming: Sandblast (safe; 1% risk of failure)
Press: ? - help, Q - select action, (/) - cycle Shift-Dir - straight line, f/p - bombardier beetle
Aim: a bombardier beetle (heavily wounded, 91% to hit)
The blast of sand hits the bombardier beetle!
You kill the bombardier beetle!
The liquid fire burns you!
* * * LOW HITPOINT WARNING * * *
You have reached level 8!
You feel stronger.
You shake off some of the fire as you move.
The liquid fire burns you!
You die...

... .#.##.###...#...#.........#
#.#.......# #######.......#...#
####.#....###.#...........#...###
###..#..........................#
...............................##
....#####...PPPP...♣P..#>....###
.##.## ##...♣♣.P♣♣♣♣......†..###
##...# #....♣♣#'# ♣............
##.## ##....P##@# .P..#.........
###.####....P.+.?)+P♣..##)....#..
.......##...P.##.##P....#...#.#..
...###..<...P♣♣#+# ♣♣.......##...
.####........♣♣..P♣♣........##.##
..# ###..#.....PP♣.P....##..##.#
.#####........................##
.#.............................#
....)####..#####.......)...#...#


There were no monsters in sight!

Vanquished Creatures
  Pargi (Sewer)
  An ogre (D:4)
  A kobold brigand (D:4)
  2 brain worms (Sewer)
  A howler monkey (D:4)
  A bombardier beetle (D:4)
  2 hounds (D:4)
  A jelly (D:4)
  2 iguanas (D:4)
  4 orc wizards (D:4)
  A gnoll (D:4)
  4 adders
  5 dart slugs
  3 ribbon worms
  7 orcs (D:4)
  8 endoplasms
  3 giant cockroaches
  8 goblins
  8 hobgoblins
  A jackal (D:1)
  9 ball pythons
  4 bats
  3 frilled lizards
  10 kobolds
  8 rats
98 creatures vanquished.

Notes
Turn   | Place    | Note
-------+----------+-------------------------------------------
     0 | D:1      | BubbleThief the Gargoyle Earth Elementalist began the quest
                  | for the Orb.
     0 | D:1      | Reached XP level 1. HP: 10/10 MP: 3/3
   251 | D:1      | Reached skill level 4 in Earth Magic
   259 | D:1      | Reached XP level 2. HP: 8/15 MP: 0/5
   570 | D:1      | Reached XP level 3. HP: 19/19 MP: 3/6
  1224 | D:2      | Reached skill level 5 in Earth Magic
  1441 | D:2      | Reached XP level 4. HP: 24/24 MP: 5/7
  2001 | D:3      | Learned a level 3 spell: Passwall
  2053 | D:3      | Found a transporter.
  2190 | D:3      | Found a transporter.
  2194 | D:3      | Noticed Azoth's ghost (amateur GnHu)
  2342 | D:3      | Found a faded altar of an unknown god.
  2493 | D:4      | Reached skill level 6 in Earth Magic
  2495 | D:4      | Reached XP level 5. HP: 28/28 MP: 2/8
  2501 | D:4      | Identified a scroll of acquirement
  2501 | D:4      | Acquired a +2 helmet of intelligence
  2504 | D:4      | Noticed an ogre
  2566 | D:4      | Killed an ogre
  2567 | D:4      | Reached skill level 7 in Earth Magic
  2567 | D:4      | Reached XP level 6. HP: 14/32 MP: 2/9
  2675 | D:4      | Reached skill level 8 in Earth Magic
  2680 | D:4      | Found a glowing drain.
  2689 | Sewer    | Entered a sewer
  2689 | Sewer    | Noticed Pargi
  2692 | Sewer    | Killed Pargi
  2693 | Sewer    | Reached skill level 9 in Earth Magic
  2693 | Sewer    | Reached XP level 7. HP: 36/36 MP: 5/10
  3025 | D:4      | Reached skill level 10 in Earth Magic
  3426 | D:4      | Reached XP level 8. HP: 3/41 MP: 5/11
  3426 | D:4      | Incinerated by a bombardier beetle

Illustrated notes

Levels and vault maps discovered:
D:1:      tarquinn_simple_flora_water_a, layout_basic, minivault_4,
          chequers_serial_rivers_small_b, minmay_heptomino_w4
D:2:      layout_basic, serial_forest, infiniplex_forest_lined_2,
          infiniplex_forest_clump_long, infiniplex_forest_clump_large,
          infiniplex_forest_lined_3, infiniplex_forest_clump_C,
          infiniplex_forest_end_1, infiniplex_forest_side_room,
          infiniplex_forest_clump_cross, infiniplex_forest_clump_long
D:3:      layout_rooms, gammafunk_ghost_arena,
          hellmonk_ecumenical_altar_crossroads
D:4:      minmay_opposing_rooms, layout_cave_pools, serial_park,
          serial_park_square1 [serial_park_minivault_5x5_3],
          serial_park_square2, serial_park_square3
          [serial_park_minivault_5x5_4], portal_sewer_entry_d

Skill      XL: |  1  2  3  4  5  6  7 |
---------------+----------------------+-----
Earth Magic    | 4 5 6 7 9 10 | 10.8
Dodging        | |  1.5
Stealth        | |  2.1
Spellcasting   | |  2.5
Conjurations   | |  1.1

Action                     |  1- 3 |  4- 6 |  7- 9 || total
---------------------------+-------+-------+-------++-------
  Melee: Unarmed           |     3 |       |     2 ||     5
   Cast: Sandblast         |    59 |    46 |    40 ||   145
    Use: Scroll            |       |     3 |       ||     3
 Armour: Robe              |     7 |    11 |    35 ||    53
  Dodge: Dodged            |     8 |     9 |    15 ||    32

Table legend: (Time is in decaauts)
 A = Elapsed time spent in this place.
 B = Non-inter-level travel time spent in this place.
 C = Inter-level travel time spent in this place.
 D = Time resting spent in this place.
 E = Time spent auto-exploring this place.
 F = Levels seen in this place.
 G = Mean time per level.
                   A        B        C        D        E       F      G
               +--------+--------+--------+--------+--------+-----+--------+
         Total |   3509 |   3374 |    135 |     74 |   2696 |   5 |  701.8 |
       Dungeon |   3266 |   3131 |    135 |     74 |   2506 |   4 |  816.5 |
         Sewer |    243 |    243 |      0 |      0 |    190 |   1 |  243.0 |
               +--------+--------+--------+--------+--------+-----+--------+

Top non-repeatable levels by time:
     D:1: 1248 daAuts
     D:2: 690 daAuts
     D:3: 681 daAuts
     D:4: 645 daAuts
   Sewer: 243 daAuts
